 Dungeon Crawl Stone Soup version 0.18.1-8-gdd0e5ea (webtiles) character file.

126 Lovchig the Shield-Bearer (level 4, 0/40 HPs)
             Began as a Minotaur Fighter on June 12, 2016.
             Slain by Grinder (8 damage)
             ... on level 3 of the Dungeon.
             The game lasted 00:06:19 (1709 turns).

Lovchig the Shield-Bearer (Minotaur Fighter)        Turns: 1709, Time: 00:06:19

Health: 0/40       AC:  9    Str: 27    XL:     4   Next: 83%
Magic:  3/3        EV:  8    Int:  5    God:
Gold:   141        SH: 10    Dex:  9    Spells: 0 memorised, 3 levels left

rFire  + + .     SeeInvis .     a - +0 war axe
rCold  x x .     Gourm    .     b - +0 scale mail
rNeg   . . .     Faith    .     c - +0 shield
rPois  .         Spirit   .     (helmet restricted)
rElec  .         Dismiss  .     i - +1 cloak
rCorr  .         Reflect  .     (no gloves)
SustAt .         Harm     .     (no boots)
MR     .....                    (no amulet)
Stlth  ..........               l - ring of fire (curse)
                                e - ring of fire

@: mighty, not resistant to hostile enchantments, extremely unstealthy
A: retaliatory headbutt, horns 2
a: no special abilities


You were on level 3 of the Dungeon.
You were not hungry.

You visited 1 branch of the dungeon, and saw 3 of its levels.

You collected 141 gold pieces.

Inventory:

Hand Weapons
 a - a +0 war axe (weapon)
Armour
 b - a +0 scale mail (worn)
 c - a +0 shield (worn)
 i - a +1 cloak (worn)
Jewellery
 e - a ring of fire (left hand)
 l - a cursed ring of fire (right hand)
Scrolls
 k - a scroll of fear
Potions
 d - a potion of might
 h - 2 potions of curing
 m - a potion of haste {unknown}
Comestibles
 f - 3 bread rations
 g - 4 chunks of flesh
 j - 2 slices of pizza
 n - a meat ration


   Skills:
 + Level 4.2 Fighting
 + Level 3.2 Axes
 + Level 4.5 Armour
 + Level 1.4 Dodging
 + Level 4.8 Shields


You had 3 spell levels left.
You didn't know any spells.

Dungeon Overview and Level Annotations

Branches:
Dungeon (3/15)

Altars:
Fedhas
Yredelemnul

Annotations:
D:3 Grinder


Innate Abilities, Weirdness & Mutations

You reflexively headbutt those who attack you in melee.
You have a pair of horns on your head.


Message History

Pain shoots through your body!
* * * LOW HITPOINT WARNING * * *
You closely miss Grinder.
Grinder is heavily wounded.
Grinder closely misses you.
You slash Grinder!
Grinder is severely wounded.
Grinder gestures at you. Pain shoots through your body!
* * * LOW HITPOINT WARNING * * *
Grinder blinks!
Unknown command.
Drink which item? (? for menu, Esc to quit)
You feel very mighty all of a sudden.
Grinder says, "There's only one good use for a tongue: cutting it out."
Grinder barely misses you.
You slash Grinder!
Grinder is almost dead.
Grinder hits you!
You die...

.......##...P≈≈≈.P≈≈≈≈..##
######.##..P≈≈≈≈≈≈≈≈≈≈≈P.
#..#.≈≈≈≈.≈≈≈.≈≈≈≈≈.##
####.#≈≈≈#≈≈≈#≈≈≈#≈≈.##
#####.###)###.###≈≈≈#
#..#..)#...#...#...≈#
#...................###
##...................#.+
#.........@5.........'.+
##....................#
####....#...#...#...#....#
#.(...####.###.###.###.≈##
#.##..# #≈≈≈#≈≈≈#≈≈≈#.≈≈#
#<##..#..≈≈≈.≈≈≈.≈≈≈≈≈≈##
#.##.##≈≈≈≈≈≈≈≈≈≈≈.≈#.##
#.##.##≈≈≈≈≈≈≈≈≈≈.#..##
#.##.###........P##.##


You could see Grinder.

Vanquished Creatures
  Crazy Yiuf (D:2)
  4 adders
  An ooze (D:1)
  2 worms
  A giant gecko (D:1)
  2 orcs (D:3)
  3 giant cockroaches
  4 goblins
  11 hobgoblins
  5 bats
  3 giant newts
  7 kobolds
  4 rats
48 creatures vanquished.

Notes
Turn   | Place    | Note
--------------------------------------------------------------
     0 | D:1      | Lovchig the Minotaur Fighter began the quest for the Orb.
     0 | D:1      | Reached XP level 1. HP: 19/19 MP: 0/0
    86 | D:1      | Reached XP level 2. HP: 21/27 MP: 1/1
   567 | D:1      | Reached XP level 3. HP: 33/33 MP: 2/2
   908 | D:2      | Found a blossoming altar of Fedhas.
  1109 | D:2      | Reached XP level 4. HP: 40/40 MP: 3/3
  1176 | D:2      | Noticed Crazy Yiuf
  1185 | D:2      | Killed Crazy Yiuf
  1185 | D:2      | Reached skill level 1 in Dodging
  1336 | D:3      | Found a basalt altar of Yredelemnul.
  1532 | D:3      | Noticed Grinder
  1551 | D:3      | Paralysed by Grinder for 7 turns
  1695 | D:3      | Paralysed by Grinder for 4 turns
  1709 | D:3      | Slain by Grinder

Skill      XL: |  1  2  3  4 |
---------------+-------------+-----
Shields        | 4 |  4.8
Fighting       | 4 |  4.2
Armour         | 4 |  4.5
Axes           | 3 |  3.2
Dodging        | 1 |  1.4

Action                   |  1- 3 |  4- 6 || total
-------------------------+-------+-------++-------
Melee: War axe           |    79 |    62 ||   141
       Headbutt          |    14 |    13 ||    27
  Use: Scroll            |     3 |       ||     3
       Potion            |       |     1 ||     1
  Eat: Chunk             |     1 |     2 ||     3
Armor: Scale mail        |    35 |    19 ||    54
Dodge: Dodged            |    22 |    17 ||    39
Block: Shield            |    46 |    36 ||    82
